 Dungeon Crawl Stone Soup version 0.14-a0-3154-g428849b (webtiles) character file.

501698 Kae the Slingshot (level 26, -3/198 HPs)
             Began as a Halfling Hunter on Mar 7, 2014.
             Was a High Priest of Okawaru.
             Slain by an iron troll (11 damage)
             ... on Level 2 of the Depths on Mar 9, 2014.
             The game lasted 06:42:31 (91615 turns).

Kae the Slingshot (Halfling Hunter)                Turns: 91615, Time: 06:42:31

HP  -3/198       AC 18     Str 19      XL: 26   Next:  6%
MP  46/46        EV 47     Int 11 (13) God: Okawaru [*****.]
Gold 6289        SH 31     Dex 35      Spells:  3 memorised, 26 levels left

rFire  . . .     SeeInvis +     c - +0,+3 hand axe "Utivug" {drain, rPois MR++ Str+3 Dex+4}
rCold  + + .     Clarity  +     l - +1 leather armour of Tenacity {rC++ MR++}
rNeg   + + .     Conserve +     q - +0 shield of Lilacs {rElec MR+ Int+2}
rPois  +         rCorr    +     y - +1 helmet of Intercession {Str+1 Dex+3 Dam+4}
rElec  +         rRot     .     L - +2 cloak {rCorr, Cons}
SustAb . .       Spirit   .     m - +2 pair of gloves {Str+3}
rMut   .         Warding  .     f - +2 pair of boots {run}
Saprov . . .     Stasis   .     x - amulet of the Four Winds {Clar rN+ MR++}
MR     +++++                    C - ring of Shaolin {EV+8}
                                X - ring of Greater Demons {Contam rN+ AC+3 Acc+6 SInv}

@: quick, almost entirely resistant to hostile enchantments, extremely stealthy
A: high mp 1, mutation resistance 1, slow metabolism 1, strong 1
a: Heroism, Finesse, Renounce Religion
}: 3/15 runes: decaying, serpentine, silver


You were on level 2 of the Depths.
You worshipped Okawaru.
Okawaru was extremely pleased with you.
You were very hungry.

You visited 8 branches of the dungeon, and saw 49 of its levels.
You visited the Abyss 1 time.
You also visited: Labyrinth, Ossuary and Ice Cave.

You collected 6550 gold pieces.
You spent 261 gold pieces at shops.

Inventory:

Hand weapons
 a - the +9,+12 sling "Punk" {frost, rC+}
   (Okawaru gifted it to you on level 11 of the Dungeon)

   It turns projectiles fired from it into bolts of frost.
   It protects you from cold.
 b - the +6,+10 sling of Moderation {flame, +Fly rC+ rN+ Stlth++}
   (Okawaru gifted it to you on level 4 of the Lair of Beasts)

   It turns projectiles fired from it into bolts of flame.
   It protects you from cold.
   It protects you from negative energy.
   It lets you fly.
   It makes you much more stealthy.
 c - the +0,+3 hand axe "Utivug" (weapon) {drain, rPois MR++ Str+3 Dex+4}
   (You found it on level 5 of the Dungeon)

   A truly terrible weapon, it drains the life of those it strikes.
   It affects your strength (+3).
   It affects your dexterity (+4).
   It protects you from poison.
   It affects your resistance to hostile enchantments.
Missiles
 n - 7 steel sling bullets
Armour
 f - a +2 pair of boots of running (worn)
 l - the +1 leather armour of Tenacity (worn) {rC++ MR++}
   (Okawaru gifted it to you on level 1 of the Snake Pit)

   It greatly protects you from cold.
   It affects your resistance to hostile enchantments.
 m - a +2 pair of gloves of strength (worn)
 q - the +0 shield of Lilacs (worn) {rElec MR+ Int+2}
   (You took it off Asterion on level 3 of the Snake Pit)

   It affects your intelligence (+2).
   It insulates you from electricity.
   It affects your resistance to hostile enchantments.
 u - a +0 swamp dragon armour
 w - a +0 leather armour of fire resistance
 y - the +1 helmet of Intercession (worn) {Str+1 Dex+3 Dam+4}
   (You found it on level 3 of the Snake Pit)

   It affects your strength (+1).
   It affects your dexterity (+3).
   It affects your damage with ranged weapons and melee attacks (+4).
 L - a +2 cloak of preservation (worn)
Magical devices
 k - a wand of heal wounds (4)
 R - a wand of teleportation (2)
Comestibles
 g - 2 bread rations
 i - 5 slices of pizza
Scrolls
 j - 4 scrolls of teleportation
 p - 3 scrolls of remove curse
 r - a scroll of magic mapping
 D - a scroll of fog
 E - 5 scrolls of identify
 G - a scroll of holy word
 I - 4 scrolls of fear
 K - a scroll of summoning
Jewellery
 e - an uncursed ring of see invisible
 v - an uncursed amulet of stasis
 x - the amulet of the Four Winds (around neck) {Clar rN+ MR++}
   (You took it off a vault guard on level 5 of the Vaults)

   [amulet of clarity]

   It protects you from negative energy.
   It affects your resistance to hostile enchantments.
 C - the ring of Shaolin (right hand) {EV+8}
   (You found it on level 10 of the Dungeon)

   [ring of evasion]

   It affects your evasion (+8).
 F - an uncursed ring of positive energy
 N - the ring "Skuafo Pnau" {+cTele rC+}
   (You found it on level 10 of the Dungeon)

   [ring of teleport control]

   It protects you from cold.
 T - an uncursed ring of sustain abilities
 X - the ring of Greater Demons (left hand) {Contam rN+ AC+3 Acc+6 SInv}
   (You took it off a vault warden on level 5 of the Vaults)

   [ring of protection]

   It affects your AC (+3).
   It affects your accuracy with ranged weapons and melee attacks (+6).
   It protects you from negative energy.
   It enhances your eyesight.
   It causes magical contamination when unequipped.
Potions
 o - 5 potions of restore abilities
 s - 16 potions of curing
 t - 2 potions of magic
 z - 2 potions of flight
 B - 4 potions of heal wounds
 J - a potion of resistance


   Skills:
 - Level 20.6 Fighting
 + Level 2.4 Axes
 - Level 22.0 Slings
 - Level 21.0 Dodging
 - Level 10.4 Stealth
 - Level 11.2 Shields
 - Level 3.7 Spellcasting
 - Level 7.6 Charms
 - Level 6.0 Translocations
 - Level 7.1 Air Magic
 + Level 10.4 Invocations
 - Level 21.5 Evocations


You had 26 spell levels left.
You knew the following spells:

 Your Spells              Type           Power        Failure   Level  Hunger
a - Shroud of Golubria    Chrm/Tloc      ###.......   6%          2    ##.....
b - Repel Missiles        Chrm/Air       ###...       4%          2    ##.....
c - Swiftness             Chrm/Air       ###.....     4%          2    ##.....


Dungeon Overview and Level Annotations

Branches:
Dungeon (16/16)            Temple (0/1) D:5             Orc (4/4) D:12
    Elf (3/3) Orc:4          Lair (8/8) D:9           Swamp (5/5) Lair:4
  Snake (5/5) Lair:5        Slime (0/6) Lair:7       Vaults (5/5) D:14
  Blade (0/1) Vaults:3      Crypt (0/5) Vaults:3     Depths (3/6) D:16

Altars:
Ashenzari
Elyvilon
Kikubaaqudgha
Makhleb
Okawaru
Sif Muna
Trog
Vehumet
Xom
Zin
Beogh
Jiyva

Shops:
Orc:1 %   Orc:4 [(*=   Elf:1 ?   Elf:3 }   Snake:1 ![!=   Vaults:1 %
Vaults:5 *

Portals:
Hell: Depths:1 Depths:2
Pandemonium: Depths:2

Annotations:
D:12 1 exclusion
Lair:8 4 exclusions
Snake:1 Roxanne
Snake:3 exclusion: door
Vaults:2 Margery
Depths:1 exclusions: ice statue and silver statue


Innate Abilities, Weirdness & Mutations

You are small and have problems with some larger weapons.
You are somewhat resistant to further mutation.
You have a slow metabolism.
You have an increased reservoir of magic (+10% MP).
Your muscles are strong. (Str +2)


Message History

You block the iron troll's attack. The iron troll completely misses you.
The deep troll earth mage completely misses you.
The deep troll earth mage claws you but does no damage.
You slash the deep troll earth mage! You drain the deep troll earth mage!
You kill the deep troll earth mage!
Okawaru accepts your kill. The iron troll completely misses you.
The iron troll closely misses you. The iron troll completely misses you.
Unknown command.
Things that are here:
a chain mail; a glowing demon blade The iron troll completely misses you.
You block the iron troll's attack. The iron troll claws you!
* * * LOW HITPOINT WARNING * * *
There is a stone staircase leading down, spattered with blood here.
You hit the iron troll but do no damage.
You drain the iron troll! The iron troll bites you!
* * * LOW HITPOINT WARNING * * *
You block the iron troll's attack. The iron troll claws you!
You die...

#### ###################
#####..# ..#.....#.........#
#......# ..).....#.........#
#......# ..#.....#.........#
#......# .##.....'......)).#
#......#
.##.....##.......######......#
........######.#T#...........#
.............[.)@#...........#
................[#...........#
..............[.[[...........#
...+#######..>##[#...........#
≈.........###+#......#########
≈≈........#...#......#
∩≈........#...'......#
#≈........#...#......#
#≈........+...#......#


You could see an iron troll.

Vanquished Creatures
  An ancient lich (Vaults:5)
  Saint Roka (Orc:4)
  Sojobo (Vaults:5)
  Norris (Depths:1)
  Mara (Snake:4)
  A bone dragon (Vaults:5)
  Asterion (Snake:3)
  Vashnia (Snake:2)
  4 deep elf blademasters (Elf:3)
  4 titans (Vaults:5)
  2 deep elf master archers (Elf:3)
  A storm dragon (Vaults:5)
  3 liches
  Rupert (Lair:7)
  3 sphinxes (Vaults:5)
  7 tengu reavers
  An ancient champion (Vaults:3)
  3 thorn hunters
  Kirke (Snake:1)
  5 shadow dragons (Vaults:5)
  3 frost giants
  6 fire giants
  7 greater nagas
  Donald (Snake:4)
  Wiglaf (Snake:3)
  Maud (D:14)
  4 deep elf sorcerers
  13 vault wardens
  Louise (Snake:3)
  Aizul (Snake:1)
  3 octopode crushers
  2 emperor scorpions
  Jorgrun (Snake:4)
  2 deep elf demonologists (Vaults:1)
  9 stone giants
  6 war gargoyles
  12 deep elf annihilators
  Azrael (Snake:4)
  A merfolk javelineer (Depths:1)
  3 dire elephants
  9 ettins
  Snorg (Lair:4)
  A spriggan air mage (Depths:2)
  2 blizzard demons (IceCv)
  5 deep elf death magi
  2 minotaurs
  2 jiangshi
  15 yaktaur captains
  26 vault guards
  7 fire dragons
  8 deep elf high priests
  4 ice dragons
  Fannar (Lair:4)
  Harold (Lair:6)
  Josephine (Elf:1)
  A great orb of eyes (D:15)
  18 ironheart preservers
  20 naga warriors
  3 shambling mangroves
  2 ravenous feature mimics
  4 dancing weapons (Vaults:3)
  11 death yaks
  A spriggan berserker (Depths:2)
  14 anacondas
  17 ogre magi
  27 hydras
  17 naga sharpshooters
  4 deep troll earth magi (Depths:2)
  A rakshasa (Depths:2)
  10 deep troll shamans
  10 centaur warriors
  An orc high priest (Orc:4)
  A tengu warrior (Depths:1)
  A vampire mage (Depths:2)
  A death yak (shapeshifter) (Vaults:5)
  5 very ugly things
  10 alligators
  Nergalle (Orc:4)
  3 shadow wraiths
  A spectral elf (Vaults:2)
  5 hell knights (Depths:2)
  16 deep elf knights
  3 fire crabs
  5 shock serpents
  4 skeletal warriors
  9 iron trolls
  9 unseen horrors
  A large abomination (Abyss:1)
  A sea snake (shapeshifter) (Vaults:5)
  6 ice devils (IceCv)
  A deep troll (shapeshifter) (Vaults:5)
  A storm dragon skeleton (Vaults:4)
  4 lindwurms (Snake:5)
  9 naga ritualists
  12 ironbrand convokers
  A flayed ghost (Vaults:4)
  32 deep trolls
  8 deep elf summoners
  2 giant orange brains
  4 ice statues
  A spriggan skeleton (Depths:1)
  9 hill giants
  2 orb spiders (shapeshifter)
  3 harpies (Vaults:3)
  4 necromancers
  8 swamp dragons
  13 orc knights
  A manticore (shapeshifter) (Vaults:2)
  7 mana vipers
  15 deep elf conjurers
  A sixfirhy (Abyss:1)
  A cyclops (shapeshifter) (Vaults:5)
  4 wizards
  12 griffons
  3 orc sorcerers
  3 wolf spiders
  6 cyclopes
  2 phantasmal warriors (Vaults:5)
  A spectral human (Vaults:3)
  2 moths of wrath (shapeshifter)
  A salamander mystic (Snake:5)
  A red wasp (Vaults:5)
  36 black mambas
  2 octopodes (D:12)
  A manticore (Depths:2)
  8 elephants
  2 octopodes (shapeshifter)
  A stone giant skeleton (Vaults:4)
  Maurice (D:9)
  A salamander (shapeshifter) (Elf:3)
  18 salamanders
  12 vault sentinels
  A spiny frog (shapeshifter) (D:15)
  11 guardian serpents
  2 item mimics
  An octopode zombie (Depths:3)
  A yaktaur zombie (Vaults:4)
  2 feature mimics
  2 golden dragon simulacra (IceCv)
  28 naga magi
  6 spriggan druids
  38 yaktaurs
  The ghost of Yermak the Covert, an experienced SpWr of Zin (D:6)
  A queen ant (shapeshifter) (Vaults:5)
  20 spiny frogs
  A spriggan simulacrum (Depths:1)
  8 komodo dragons
  An elf (shapeshifter) (Vaults:5)
  A mermaid (shapeshifter) (Elf:3)
  7 fire drakes
  A hellwing (Orc:4)
  10 deep elf priests
  A hydra zombie (D:12)
  Grinder (D:3)
  9 blue devils
  3 tengu conjurers
  2 iron troll skeletons (Vaults:3)
  A jumping spider (shapeshifter) (Vaults:2)
  5 trolls
  2 anaconda simulacra (IceCv)
  A jumping spider (Vaults:5)
  8 giant leeches
  A queen bee (D:14)
  16 giant fireflies
  2 komodo dragons (shapeshifter)
  A fire vortex (Depths:1)
  22 spriggans
  A troll (shapeshifter) (D:15)
  3 freezing wraiths
  A silent spectre (Vaults:3)
  A slime creature (shapeshifter) (Vaults:5)
  10 baby alligators
  A spriggan (shapeshifter) (Vaults:5)
  An ice dragon zombie (Depths:1)
  55 slime creatures
  25 blink frogs
  2 snapping turtles (shapeshifter)
  6 boulder beetles
  6 bog bodies
  14 ravens
  A sphinx simulacrum (Vaults:2)
  3 basilisks
  10 grizzly bears
  3 spectral orcs (Orc:4)
  2 vampires (D:15)
  5 shadows
  8 thorn lotuses
  A tarantella (Vaults:5)
  A frost giant simulacrum (Depths:1)
  A basilisk (shapeshifter) (Elf:1)
  12 sharks
  30 two-headed ogres
  5 redbacks
  A dire elephant simulacrum (IceCv)
  3 gargoyles
  8 fire bats (Swamp:5)
  3 wraiths
  A tarantella (shapeshifter) (D:14)
  11 water elementals
  3 air elementals (Depths:2)
  6 hogs (Snake:1)
  A molten gargoyle (Swamp:5)
  3 elf zombies
  A wyvern (D:14)
  54 yaks
  3 elephant slugs
  3 hungry ghosts
  A hill giant skeleton (D:13)
  29 deep elf magi
  5 fire elementals
  2 steam dragons
  41 ugly things
  5 wargs
  12 hippogriffs
  A human (Snake:1)
  Edmund (D:9)
  57 nagas
  45 vampire mosquitoes
  2 deep troll zombies (Depths:3)
  20 wolves
  A hydra simulacrum (IceCv)
  2 iron troll simulacra
  51 deep elf fighters
  3 harpy simulacra (IceCv)
  4 small abominations
  28 swamp worms
  3 mottled dragons
  An orange crystal statue (D:9)
  An elf simulacrum (Elf:1)
  2 hell hounds (Snake:4)
  26 water moccasins
  8 porcupines
  13 swamp drakes
  A yellow wasp (D:16)
  3 necrophages
  4 black bears (Lair:8)
  50 orc warriors
  10 sky beasts
  70 ogres
  4 elf skeletons (Elf:1)
  5 big kobolds
  19 crocodiles
  2 phantoms
  8 centaurs
  12 ice beasts
  Duvessa (D:4)
  17 giant frogs
  7 giant slugs
  A giant slug (shapeshifter) (D:14)
  A gnoll sergeant (D:12)
  A lost soul (Elf:3)
  5 lava worms (Swamp:5)
  2 cyclops zombies
  A deep troll simulacrum (Vaults:4)
  4 insubstantial wisps
  An eye of draining (D:13)
  35 killer bees
  6 giant goldfish
  2 human simulacra
  4 scorpions
  A troll zombie (D:14)
  15 wights
  2 yak zombies
  6 electric eels
  A yak skeleton (D:9)
  A quasit (D:15)
  A lava snake (Swamp:5)
  6 goliath beetles
  A yaktaur simulacrum (D:15)
  A centaur zombie (D:10)
  6 crimson imps
  Dowan (D:4)
  29 orc priests
  4 jellies
  3 human zombies
  4 big fish
  10 hounds
  Natasha (twice) (D:3)
  4 iguanas
  4 orange rats (Elf:3)
  40 orc wizards
  12 sheep
  A killer bee zombie (D:8)
  A crocodile zombie (D:7)
  A sky beast zombie (D:9)
  Jessica (D:3)
  An ogre skeleton (D:11)
  10 boggarts
  6 mummies
  35 adders
  11 gnolls
  69 green rats
  11 worker ants
  A worm zombie (D:6)
  A giant mite (D:9)
  An inept item mimic (D:5)
  A shadow imp (Depths:1)
  A white imp (Depths:2)
  10 worms
  An adder skeleton (D:4)
  2 adder zombies (Ossuary)
  An orc skeleton (D:10)
  5 giant eyeballs
  9 giant geckos
  An ooze (D:5)
  211 orcs
  4 ball pythons
  20 bats
  5 giant cockroaches
  27 goblins
  17 hobgoblins
  20 jackals
  37 kobolds
  12 quokkas
  A giant gecko zombie (D:8)
  4 giant newts
  3 giant spores
  A gnoll skeleton (D:4)
  4 goblin zombies (Ossuary)
  3 hobgoblin zombies (Ossuary)
  2 kobold zombies (Ossuary)
  An orc zombie (Vaults:5)
  4 quokka zombies (Ossuary)
  26 rats
  A rat skeleton (D:5)
  2 rat zombies (Ossuary)
  18 ballistomycetes
  A butterfly (Lair:8)
  7 fungi
  11 plants
2649 creatures vanquished.

Vanquished Creatures (collateral kills)
  A two-headed ogre (Vaults:5)
  2 ugly things (Vaults:5)
3 creatures vanquished.

Vanquished Creatures (others)
  A tengu reaver (Vaults:5)
  An ironheart preserver (Vaults:5)
  A vampire mage (Depths:2)
  A naga ritualist (Snake:5)
  3 swamp dragons (Swamp:5)
  A yaktaur zombie (Vaults:5)
  2 spriggans
  A fire vortex (Swamp:5)
  An ugly thing (Vaults:3)
  A swamp worm (shapeshifter) (Vaults:2)
  2 steam dragons (Swamp:5)
  3 ogres
  2 swamp drakes (Swamp:5)
  2 giant spores
  An orc zombie (Vaults:5)
  A bush (Lair:3)
  13 fungi
  6 plants
43 creatures vanquished.

Grand Total: 2695 creatures vanquished

Notes
Turn   | Place    | Note
--------------------------------------------------------------
     0 | D:1      | Kae, the Halfling Hunter, began the quest for the Orb.
     0 | D:1      | Reached XP level 1. HP: 12/12 MP: 1/1
    66 | D:1      | Reached skill level 6 in Slings
    94 | D:1      | Reached XP level 2. HP: 18/18 MP: 2/2
   681 | D:2      | Reached skill level 7 in Slings
   681 | D:2      | Reached XP level 3. HP: 19/22 MP: 3/3
  1691 | D:3      | Reached XP level 4. HP: 27/27 MP: 4/4
  1877 | D:3      | Noticed Natasha
  1887 | D:3      | Killed Natasha
  1887 | D:3      | Reached skill level 8 in Slings
  2035 | D:3      | Noticed Grinder
  2157 | D:3      | Noticed Jessica
  2161 | D:3      | Killed Jessica
  2161 | D:3      | Reached XP level 5. HP: 5/32 MP: 5/5
  2230 | D:3      | Noticed Natasha
  2232 | D:3      | Killed Natasha
  2232 | D:3      | Reached skill level 9 in Slings
  2920 | D:3      | Paralysed by Grinder for 6 turns
  2928 | D:3      | Killed Grinder
  2928 | D:3      | Reached skill level 10 in Slings
  2928 | D:3      | Reached XP level 6. HP: 24/37 MP: 6/6
  3071 | D:4      | Reached XP level 7. HP: 42/42 MP: 7/7
  3075 | D:4      | Reached skill level 11 in Slings
  3158 | D:4      | Found a sand-covered staircase.
  3266 | D:4      | Noticed Duvessa
  3280 | Ossuary  | Entered an ossuary
  3827 | D:4      | Noticed Dowan
  3960 | D:4      | Reached skill level 12 in Slings
  4203 | D:4      | Killed Dowan
  4258 | D:4      | Killed Duvessa
  4258 | D:4      | Reached XP level 8. HP: 15/47 MP: 8/8
  4460 | D:4      | Reached skill level 13 in Slings
  4566 | D:5      | Entered Level 5 of the Dungeon
  4646 | D:5      | Found an iron altar of Okawaru.
  4660 | D:5      | Became a worshipper of Warmaster Okawaru
  4684 | D:5      | Got an iridescent hand axe
  4685 | D:5      | Identified the cursed +0,+3 hand axe "Utivug" {drain, rPois MR++ Str+3 Dex+4} (You found it on level 5 of the Dungeon)
  4766 | D:5      | Found a white marble altar of Elyvilon.
  4853 | D:5      | Found a staircase to the Ecumenical Temple.
  4881 | D:5      | Reached skill level 14 in Slings
  5711 | D:6      | Reached skill level 15 in Slings
  5711 | D:6      | Reached XP level 9. HP: 50/52 MP: 9/9
  5910 | D:6      | Found a bloodstained altar of Trog.
  5921 | D:6      | Acquired Okawaru's first power
  5961 | D:6      | Noticed Yermak's ghost (experienced SpWr)
  5976 | D:6      | Killed Yermak's ghost
  5976 | D:6      | Reached skill level 16 in Slings
  6564 | D:6      | Reached skill level 1 in Fighting
  6624 | D:7      | Reached skill level 1 in Evocations
  7958 | D:7      | Reached XP level 10. HP: 22/60 MP: 15/15
  8240 | D:7      | Reached skill level 5 in Dodging
  8407 | D:7      | Found a glowing silver altar of Zin.
  9469 | D:8      | Reached skill level 5 in Evocations
  9705 | D:8      | Found a shattered altar of Ashenzari.
  9976 | D:9      | Received a gift from Okawaru
 10242 | D:9      | Noticed Edmund
 10250 | D:9      | Killed Edmund
 10447 | D:9      | Found a staircase to the Lair.
 10740 | D:9      | Noticed Maurice
 10750 | D:9      | Killed Maurice
 10750 | D:9      | Reached XP level 11. HP: 70/70 MP: 18/20
 10805 | D:9      | Found an ancient bone altar of Kikubaaqudgha.
 10805 | D:9      | Found a burning altar of Makhleb.
 10880 | Lair:1   | Entered Level 1 of the Lair of Beasts
 10956 | Lair:1   | Reached skill level 5 in Fighting
 11295 | Lair:1   | Reached skill level 10 in Dodging
 11773 | Lair:1   | Received a gift from Okawaru
 11865 | Lair:1   | Received a gift from Okawaru
 12680 | Lair:1   | Received a gift from Okawaru
 12680 | Lair:1   | Reached XP level 12. HP: 48/79 MP: 21/23
 13118 | Lair:2   | Gained mutation: You have an increased reservoir of magic (+10% MP). [potion of mutation]
 13118 | Lair:2   | Gained mutation: Your muscles are strong. (Str +2) [potion of mutation]
 13891 | Lair:3   | Acquired Okawaru's second power
 13916 | Lair:3   | Found a labyrinth entrance.
 13983 | Lab      | Entered a labyrinth
 14461 | Lab      | Noticed a minotaur
 14496 | Lab      | Killed a minotaur
 16395 | Lair:4   | Received a gift from Okawaru
 16614 | Lair:4   | Noticed Snorg
 16625 | Lair:4   | Killed Snorg
 16626 | Lair:4   | Noticed Fannar
 16652 | Lair:4   | Killed Fannar
 16652 | Lair:4   | Reached skill level 10 in Evocations
 16837 | Lair:4   | Received a gift from Okawaru
 17172 | Lair:4   | Found a staircase to the Swamp.
 17417 | Lair:4   | Received a gift from Okawaru
 17418 | Lair:4   | Got a bone sling {god gift}
 17419 | Lair:4   | Identified the +6,+10 sling of Moderation {flame, +Fly rC+ rN+ Stlth++} (Okawaru gifted it to you on level 4 of the Lair of Beasts)
 17715 | Lair:5   | Noticed an eight-headed hydra
 17715 | Lair:5   | Reached XP level 13. HP: 80/88 MP: 28/28
 17721 | Lair:5   | Killed an eight-headed hydra
 17729 | Lair:5   | Found a staircase to the Snake Pit.
 17905 | Lair:5   | Found a deep blue altar of Sif Muna.
 18315 | Lair:5   | Received a gift from Okawaru
 19948 | Lair:6   | Reached skill level 15 in Dodging
 20039 | Lair:6   | Noticed Harold
 20053 | Lair:6   | Killed Harold
 20053 | Lair:6   | Received a gift from Okawaru
 20519 | Lair:7   | Reached skill level 1 in Invocations
 20575 | Lair:7   | Found a staircase to the Slime Pits.
 20802 | Lair:7   | Found a viscous altar of Jiyva.
 20872 | Lair:7   | Noticed Rupert
 20888 | Lair:7   | Killed Rupert
 21059 | Lair:7   | Received a gift from Okawaru
 21059 | Lair:7   | Reached XP level 14. HP: 75/97 MP: 30/30
 21146 | Lair:7   | Reached skill level 17 in Slings
 22062 | Lair:8   | Entered Level 8 of the Lair of Beasts
 22607 | Lair:8   | Received a gift from Okawaru
 22611 | Lair:8   | Identified a +2 pair of boots of running (Okawaru gifted it to you on level 8 of the Lair of Beasts)
 23100 | Lair:8   | Reached skill level 5 in Invocations
 24354 | Lair:8   | Reached skill level 10 in Fighting
 24646 | Lair:8   | Reached skill level 18 in Slings
 24724 | Lair:8   | Received a gift from Okawaru
 25122 | D:10     | Entered Level 10 of the Dungeon
 25157 | D:10     | Paralysed by a giant eyeball for 2 turns
 25522 | D:10     | Got a sparkling copper ring
 25967 | D:11     | Reached XP level 15. HP: 103/103 MP: 31/31
 26108 | D:11     | Received a gift from Okawaru
 26135 | D:11     | Found a radiant altar of Vehumet.
 26251 | Lair:2   | Identified the ring "Skuafo Pnau" {+cTele rC+} (You found it on level 10 of the Dungeon)
 27544 | D:12     | Found a staircase to the Orcish Mines.
 28328 | D:13     | Received a gift from Okawaru
 29120 | D:14     | Received a gift from Okawaru
 29686 | D:14     | Reached skill level 19 in Slings
 29913 | D:14     | Received a gift from Okawaru
 30011 | D:14     | Noticed Maud
 30029 | D:14     | Killed Maud
 30179 | D:14     | Received a gift from Okawaru
 30358 | D:14     | Found a gate to the Vaults.
 30507 | D:14     | Received a gift from Okawaru
 30710 | D:15     | Entered Level 15 of the Dungeon
 31154 | D:15     | Reached XP level 16. HP: 48/112 MP: 33/33
 32713 | D:16     | Entered Level 16 of the Dungeon
 32746 | D:16     | Found a shimmering altar of Xom.
 33182 | D:16     | Found a staircase to the Depths.
 33904 | Orc:1    | Entered Level 1 of the Orcish Mines
 33904 | Orc:1    | Found Bytiosyzuy's Food Shop.
 34109 | Orc:1    | Received a gift from Okawaru
 34206 | Orc:1    | Reached skill level 10 in Invocations
 35745 | Orc:3    | Received a gift from Okawaru
 36176 | Orc:4    | Entered Level 4 of the Orcish Mines
 36176 | Orc:4    | Found a staircase to the Elven Halls.
 36743 | Orc:4    | Found a roughly hewn altar of Beogh.
 36749 | Orc:4    | Noticed Saint Roka
 37082 | Orc:4    | Noticed Nergalle
 37734 | Orc:4    | Killed Nergalle
 37793 | Orc:4    | Killed Saint Roka
 37793 | Orc:4    | Reached skill level 20 in Slings
 38128 | Orc:4    | Found Ikibit's Antique Armour Shoppe.
 38157 | Orc:4    | Found Plus' Antique Weapon Shoppe.
 38199 | Orc:4    | Found Thiuqoam's General Store.
 38640 | Orc:4    | Found Heklaj's Jewellery Shoppe.
 38783 | Elf:1    | Entered Level 1 of the Elven Halls
 38788 | Elf:1    | Noticed Josephine
 38906 | Elf:1    | Killed Josephine
 39286 | Orc:4    | Bought an uncursed ring of see invisible for 180 gold pieces
 39488 | Elf:1    | Reached XP level 17. HP: 112/119 MP: 33/33
 39815 | Elf:1    | Reached skill level 5 in Stealth
 39989 | Elf:1    | Found Chosoqos' Magic Scroll Boutique.
 40443 | Elf:1    | Received a gift from Okawaru
 41060 | Elf:2    | Received a gift from Okawaru
 41564 | D:12     | Learned a level 2 spell: Shroud of Golubria
 41810 | Snake:1  | Entered Level 1 of the Snake Pit
 41817 | Snake:1  | Received a gift from Okawaru
 41836 | Snake:1  | Noticed Aizul
 41857 | Snake:1  | Found Ynaf's Distillery.
 41869 | Snake:1  | Found Asism's Antique Armour Shoppe.
 42053 | Snake:1  | Found Qeoruliog's Distillery.
 42064 | Snake:1  | Bought a potion of strong poison for 28 gold pieces
 42141 | Snake:1  | Noticed Roxanne
 42295 | Swamp:1  | Entered Level 1 of the Swamp
 42376 | Lair:4   | Reached skill level 1 in Translocations
 43384 | Swamp:1  | Received a gift from Okawaru
 43740 | Swamp:1  | Received a gift from Okawaru
 44129 | Swamp:2  | Received a gift from Okawaru
 44647 | Swamp:2  | Found a frozen archway.
 44674 | Swamp:2  | Received a gift from Okawaru
 44699 | Swamp:2  | Reached skill level 21 in Slings
 44723 | IceCv    | Entered an ice cave
 45103 | IceCv    | Reached XP level 18. HP: 127/127 MP: 34/34
 46827 | Swamp:3  | Reached skill level 5 in Translocations
 47741 | Swamp:3  | Reached skill level 10 in Stealth
 47920 | Swamp:3  | Upgraded the game from 0.14-a0-3109-ga7442b6 to 0.14-a0-3134-g2c86dbf
 47938 | Swamp:3  | Received a gift from Okawaru
 47961 | Swamp:3  | Received a gift from Okawaru
 49258 | Swamp:3  | Cast into the Abyss (a Zot trap)
 49433 | Swamp:3  | Escaped the Abyss
 49679 | Swamp:4  | Received a gift from Okawaru
 50444 | Swamp:4  | Received a gift from Okawaru
 50445 | Swamp:4  | Got a steaming sling {god gift}
 50446 | Swamp:4  | Identified the +11,+2 sling of Feikicim {flame, rElec} (Okawaru gifted it to you on level 4 of the Swamp)
 51073 | Swamp:5  | Entered Level 5 of the Swamp
 51692 | Swamp:5  | Reached XP level 19. HP: 113/136 MP: 35/35
 51785 | Swamp:5  | Received a gift from Okawaru
 53179 | Swamp:5  | Got a decaying rune of Zot
 54477 | Snake:1  | Killed Aizul
 54477 | Snake:1  | Reached skill level 1 in Shields
 54555 | Snake:1  | Found Aceinop's Jewellery Shop.
 54602 | Snake:1  | Noticed Kirke
 54630 | Snake:1  | Killed Kirke
 54630 | Snake:1  | Received a gift from Okawaru
 54631 | Snake:1  | Got a pitted leather armour {god gift}
 55364 | Snake:2  | Noticed Vashnia
 55552 | Snake:2  | Reached skill level 5 in Shields
 55585 | Snake:2  | Identified the +1 leather armour of Tenacity {rC++ MR++} (Okawaru gifted it to you on level 1 of the Snake Pit)
 56198 | Snake:2  | HP: 2/137 [Vashnia/arrow (31)]
 56203 | Snake:2  | Killed Vashnia
 56842 | Snake:3  | Got a jewelled helmet
 56846 | Snake:3  | Identified the +1 helmet of Intercession {Str+1 Dex+3 Dam+4} (You found it on level 3 of the Snake Pit)
 57075 | Snake:3  | Noticed Asterion
 57101 | Snake:3  | Killed Asterion
 57122 | Snake:3  | Got a slimy shield
 57138 | Snake:3  | Identified the +0 shield of Lilacs {rElec MR+ Int+2} (You took it off Asterion on level 3 of the Snake Pit)
 57265 | Snake:3  | Noticed Louise
 58240 | Snake:3  | Killed Louise
 58347 | Snake:3  | Noticed Wiglaf
 58388 | Snake:3  | Killed Wiglaf
 58388 | Snake:3  | Reached skill level 10 in Shields
 58395 | Snake:3  | Reached XP level 20. HP: 83/144 MP: 31/35
 58696 | Snake:3  | Received a gift from Okawaru
 58913 | Snake:4  | Noticed Jorgrun
 58927 | Snake:4  | Killed Jorgrun
 58995 | Snake:4  | Found a bloodstained altar of Trog.
 59009 | Snake:4  | Noticed Donald
 59031 | Snake:4  | Killed Donald
 59101 | Snake:4  | Received a gift from Okawaru
 59209 | Snake:4  | Received a gift from Okawaru
 59268 | Snake:4  | Noticed Azrael
 59440 | Snake:4  | Noticed Mara
 59462 | Snake:4  | Noticed Mara
 59467 | Snake:4  | Noticed Kae's illusion
 59467 | Snake:4  | Killed Mara
 59942 | Snake:4  | Killed Azrael
 59975 | Snake:4  | Reached skill level 15 in Fighting
 60037 | Snake:5  | Entered Level 5 of the Snake Pit
 60431 | Snake:5  | Received a gift from Okawaru
 61293 | Snake:5  | Received a gift from Okawaru
 62116 | Snake:5  | Received a gift from Okawaru
 62669 | Snake:5  | Reached XP level 21. HP: 144/153 MP: 38/38
 63178 | Snake:5  | Received a gift from Okawaru
 63215 | Snake:5  | Got a serpentine rune of Zot
 64177 | Elf:3    | Entered Level 3 of the Elven Halls
 64298 | Elf:3    | Found Weprishro's Gadget Shop.
 64669 | Elf:3    | Reached skill level 15 in Evocations
 64743 | Elf:3    | Received a gift from Okawaru
 65026 | Elf:3    | Received a gift from Okawaru
 65034 | Elf:3    | Identified a +0 cloak of preservation (Okawaru gifted it to you on level 3 of the Elven Halls)
 66884 | Elf:3    | Learned a level 2 spell: Repel Missiles
 66887 | Elf:3    | Learned a level 2 spell: Swiftness
 67059 | Elf:3    | Identified the Disquisition on Hexes (You found it on level 3 of the Elven Halls)
 67525 | Vaults:1 | Entered Level 1 of the Vaults
 68545 | Vaults:1 | Reached XP level 22. HP: 86/162 MP: 40/40
 68773 | Vaults:1 | Found Phuvibra's Food Shop.
 69648 | Vaults:1 | Received a gift from Okawaru
 69649 | Vaults:1 | Got a bone demon blade {god gift}
 70425 | Vaults:2 | Noticed Margery
 72320 | Vaults:2 | You fall through a shaft!
 72383 | Vaults:3 | Received a gift from Okawaru
 72496 | Vaults:3 | Received a gift from Okawaru
 72773 | Vaults:2 | Received a gift from Okawaru
 73016 | Vaults:3 | Found a staircase to the Hall of Blades.
 73504 | Vaults:3 | Found a staircase to the Crypt.
 73550 | Vaults:3 | Received a gift from Okawaru
 73670 | Vaults:3 | Reached XP level 23. HP: 171/171 MP: 42/42
 74069 | Vaults:3 | Received a gift from Okawaru
 75523 | Vaults:4 | Received a gift from Okawaru
 76604 | Vaults:5 | Entered Level 5 of the Vaults
 76829 | Vaults:4 | Received a gift from Okawaru
 76922 | Vaults:5 | HP: 8/174 [vault warden/great sword (25)]
 77215 | Vaults:5 | Got a scintillating silver ring
 77373 | Vaults:5 | Received a gift from Okawaru
 77468 | Vaults:5 | Noticed an ancient lich
 77515 | Vaults:5 | Killed an ancient lich
 77517 | Vaults:5 | Reached XP level 24. HP: 32/181 MP: 44/44
 77941 | Vaults:5 | Identified the cursed ring of the Shining Light {AC-3 Dex+3 Dam+5} (You took it off a vault guard on level 5 of the Vaults)
 77985 | Vaults:5 | Noticed Sojobo
 80110 | Vaults:5 | Identified Sasynn's Papyrus of Cankerous Conjuration (You found it on level 5 of the Vaults)
 80336 | Vaults:5 | Received a gift from Okawaru
 80530 | Vaults:5 | Received a gift from Okawaru
 81273 | Vaults:5 | Killed Sojobo
 82181 | Vaults:5 | Got a faintly glowing golden ring
 83096 | Vaults:4 | Identified the ring of Greater Demons {Contam rN+ AC+3 Acc+6 SInv} (You took it off a vault warden on level 5 of the Vaults)
 83647 | Vaults:5 | Reached XP level 25. HP: 190/190 MP: 45/45
 83702 | Vaults:5 | Got a silver rune of Zot
 84384 | Vaults:5 | Received a gift from Okawaru
 84440 | Vaults:5 | Found Tourial's General Store.
 84523 | Vaults:5 | Bought 29 stones for 34 gold pieces
 84523 | Vaults:5 | Bought 16 stones for 19 gold pieces
 84610 | Vaults:5 | Reached skill level 22 in Slings
 85200 | Depths:1 | Entered Level 1 of the Depths
 86006 | Depths:1 | Noticed Norris
 86039 | Depths:1 | Killed Norris
 86039 | Depths:1 | Reached skill level 1 in Charms
 86039 | Depths:1 | Reached skill level 1 in Air Magic
 86108 | Depths:1 | Reached skill level 1 in Spellcasting
 87007 | Depths:1 | Found a gateway to Hell.
 87721 | Depths:2 | Reached skill level 5 in Charms
 88109 | Depths:2 | Reached skill level 5 in Air Magic
 88555 | Depths:2 | Upgraded the game from 0.14-a0-3134-g2c86dbf to 0.14-a0-3154-g428849b
 88845 | Depths:2 | Found a one-way gate leading to the halls of Pandemonium.
 88874 | Depths:2 | Received a gift from Okawaru
 90973 | Depths:2 | Reached skill level 1 in Axes
 90973 | Depths:2 | Reached XP level 26. HP: 135/198 MP: 46/46
 91131 | Depths:2 | Paralysed by a giant eyeball for 4 turns
 91300 | Depths:2 | Received a gift from Okawaru
 91615 | Depths:2 | HP: 8/198 [iron troll (17)]
 91615 | Depths:2 | Slain by an iron troll

Action                   |  1- 3 |  4- 6 |  7- 9 | 10-12 | 13-15 | 16-18 | 19-21 | 22-24 | 25-27 || total
-------------------------+-------+-------+-------+-------+-------+-------+-------+-------+-------++-------
Melee: Short sword       |     6 |     5 |       |       |       |       |       |       |       ||    11
       Unarmed           |       |       |     2 |       |    78 |   208 |       |       |       ||   288
       Hand axe          |       |       |    13 |   250 |   256 |   431 |   179 |     5 |   389 ||  1523
       Staff             |       |       |       |     1 |       |       |       |       |       ||     1
       Sling             |       |       |       |       |     3 |     3 |       |     1 |       ||     7
 Fire: Sling             |    85 |    81 |   504 |   982 |  1973 |  2519 |  2207 |  2916 |   973 || 12240
Throw: Stone             |       |       |       |       |       |       |       |       |    10 ||    10
 Cast: Shroud of Golubri |       |       |       |       |       |     4 |     2 |     1 |     2 ||     9
Invok: Heroism           |       |       |     1 |    12 |    19 |    28 |    23 |    23 |     7 ||   113
       Finesse           |       |       |       |       |       |     3 |     5 |     3 |     1 ||    12
 Abil: Evoke Flight      |       |       |       |       |       |     1 |       |       |       ||     1
Evoke: Wand              |       |       |     2 |    13 |     3 |    12 |     4 |    13 |       ||    47
       Phial of floods   |       |       |       |       |       |       |       |     1 |       ||     1
  Use: Scroll            |       |       |    16 |    13 |     9 |    11 |     9 |     9 |     4 ||    71
       Potion            |       |       |     2 |    18 |     3 |     5 |     8 |     5 |       ||    41
 Stab: Distracted        |       |       |       |       |       |     1 |       |       |     1 ||     2
       Sleeping          |       |       |       |       |       |       |     1 |       |     1 ||     2
